AoeStats
← Caribe

Scandinavia

510473210Analyzed
1v1 RM · 24h ago on Oct 1, 2026· 41m 47s· 2 players
Game mode
Random Map
Map size
Tiny (2 player)
Population
200
Speed
Normal
Resources
Standard
Victory
Conquest
Starting age
Dark Age
Ending age
Imperial Age
RankedLock teamsTeams togetherTeam positionsShared explorationLock speedFull tech treeHidden civsTurbo modeCheats
Victory
Defeat
🇦🇺 Magyars · Australia
1272
+16
🇻🇪 Vietnamese · Venezuela
1270
-16
Caribe
7:58 Loom
10:24 Feudal Age
12:31 Double-Bit Axe
12:30 Horse Collar
20:28 Castle Age
18:40 Forging
18:56 Scale Barding Armor
19:36 Bloodlines
21:06 Fletching
21:17 Padded Archer Armor
21:33 Husbandry
22:06 Bow Saw
21:49 Gold Mining
22:07 Bodkin Arrow
21:44 Crossbowman
22:37 Heavy Plow
25:14 Wheelbarrow
28:07 Leather Archer Armor
30:09 Ballistics
37:07 Imperial Age
40:41 Squires
Civ_Picker
8:07 Loom
11:02 Feudal Age
15:40 Castle Age
21:50 Double-Bit Axe
23:05 Horse Collar
26:35 Scale Barding Armor
26:53 Bloodlines
29:35 Chain Barding Armor
29:14 Gold Mining
31:43 Wheelbarrow
33:25 Heavy Plow
33:40 Town Watch
43:06 Imperial Age
Connection lost

Rejoining the realm…

Still unreachable

The connection could not be restored.

Session expired

The server has moved on; the page needs a fresh start.